 Dungeon Crawl Stone Soup version 0.23.0 (webtiles) character file.

Game seed: 3737401482854327327

24796 Lavandula the Fighter (level 13, -13/159 HPs)
             Began as a Gnoll Hunter on Feb 13, 2019.
             Was a High Priest of Sif Muna.
             Mangled by a stone giant (28 damage)
             ... on level 2 of the Orcish Mines.
             The game lasted 00:39:51 (14285 turns).

Lavandula the Fighter (Gnoll Hunter)               Turns: 14285, Time: 00:39:52

Health: -13/159    AC: 22    Str: 21    XL:     13   Next: 15%
Magic:  40/42      EV:  2    Int: 17    God:    Sif Muna [*****.]
Gold:   1137       SH:  0    Dex: 16    Spells: 16/27 levels left

rFire    + + .     SeeInvis +   c - +6 quarterstaff of Darkness {freeze, rF+ MP+9 SInv}
rCold    + . .     Gourm    .   (shield currently unavailable)
rNeg     + + +     Faith    .   (armour currently unavailable)
rPois    +         Spirit   .   (helmet currently unavailable)
rElec    +         Reflect  .   (cloak currently unavailable)
rCorr    +         Harm     .   (gloves currently unavailable)
MR       +....     NoTele   +   (boots currently unavailable)
Stlth    ++........             (no amulet)
HPRegen  0.36/turn              J - +5 ring of evasion
MPRegen  0.28/turn              S - ring of Ugi Baof {MR+ MP+9}

@: confused, mighty, tree-form (expiring), resistant, corroded, studying
Fighting
A: distributed training, strong nose
a: Divine Energy, Channel Magic, Forget Spell, Renounce Religion


You were on level 2 of the Orcish Mines.
You worshipped Sif Muna.
Sif Muna was extremely pleased with you.
You were near starving.
You were a tree.
You visited 3 branches of the dungeon, and saw 15 of its levels.

You collected 1137 gold pieces.

Inventory:

Hand Weapons
 c - the +6 quarterstaff of Darkness (weapon) {freeze, rF+ MP+9 SInv}
   (You found it on level 7 of the Dungeon)

   It has been specially enchanted to freeze those struck by it, causing extra
   injury to most foes and up to half again as much damage against particularly
   susceptible opponents.
   It can also slow down cold-blooded creatures.
   It protects you from fire.
   It affects your magic capacity (+9).
   It lets you see invisible.
 k - a +0 vampiric dagger
 x - a +1 dagger of venom
 M - a +2 falchion of holy wrath
 U - a cursed +3 long sword of freezing
 V - a +0 blowgun
Missiles
 d - 2 throwing nets
 w - 4 javelins (quivered)
 G - 4 tomahawks
 X - 7 poisoned needles
Armour
 q - a scarf of spirit shield (melded)
 C - a +0 pair of gloves (melded)
 K - a +1 leather armour of cold resistance (melded)
 R - the +1 scale mail of Sloth {Str+3}
   (You found it on level 10 of the Dungeon)

   It affects your strength (+3).
Magical Staves
 A - an uncursed staff of conjuration
Jewellery
 r - an uncursed ring of stealth
 D - an uncursed ring of resist corrosion
 J - a +5 ring of evasion (left branch)
 N - a +3 ring of intelligence
 S - the ring of Ugi Baof (right branch) {MR+ MP+9}
   (You found it on level 10 of the Dungeon)

   [ring of magical power]

   It affects your resistance to hostile enchantments.
   It affects your magic capacity (+9).
Wands
 e - a wand of enslavement (9)
 u - a wand of paralysis (15)
 y - a wand of disintegration (5)
 T - a wand of flame (17)
Scrolls
 a - 4 scrolls of remove curse
 i - a scroll of enchant armour
 j - a scroll of random uselessness
 m - 2 scrolls of amnesia {unknown}
 p - 3 scrolls of blinking
 t - 2 scrolls of teleportation
 v - a scroll of magic mapping
 B - a scroll of noise {unknown}
 I - 2 scrolls of torment
 O - 4 scrolls of fog {unknown}
 P - 2 scrolls of silence {unknown}
 W - a scroll of summoning {unknown}
 Y - a scroll of enchant weapon {unknown}
Potions
 l - a potion of magic
 n - a potion of resistance
 s - a potion of brilliance
 F - a potion of berserk rage {unknown}
 L - a potion of mutation {unknown}
 Q - a potion of might
Books
 H - a manual of Fighting
Comestibles
 f - 15 rations


   Skills:
 + Level 11.5 Fighting
 + Level 7.9 Short Blades
 + Level 7.9 Long Blades
 + Level 7.9 Axes
 + Level 7.9 Maces & Flails
 + Level 7.9 Polearms
 + Level 7.9 Staves
 + Level 7.9 Slings
 + Level 7.9 Bows
 + Level 7.9 Crossbows
 + Level 11.4 Throwing
 + Level 7.9 Armour
 + Level 9.2 Dodging
 + Level 8.3 Stealth
 + Level 7.9 Shields
 + Level 7.9 Unarmed Combat
 + Level 7.9 Spellcasting
 + Level 6.5 Conjurations
 + Level 6.5 Hexes
 + Level 6.5 Charms
 + Level 6.5 Summonings
 + Level 6.5 Necromancy
 + Level 6.5 Translocations
 + Level 6.5 Transmutations
 + Level 6.5 Fire Magic
 + Level 6.5 Ice Magic
 + Level 6.5 Air Magic
 + Level 6.5 Earth Magic
 + Level 6.5 Poison Magic
 + Level 8.6 Invocations
 + Level 7.9 Evocations


You had 16 spell levels left.
You knew the following spells:

 Your Spells              Type           Power        Failure   Level  Hunger
a - Borgnjor's Vile Clut  Necr/Erth      ####......   21%         5    #####..
b - Ozocubu's Armour      Chrm/Ice       ####....     2%          3    #......
c - Stone Arrow           Conj/Erth      ####..       2%          3    #......

Your spell library contained the following spells:

 Spells                   Type           Power        Failure   Level  Hunger
 Sting                    Conj/Pois      ####         1%          1    None
 Poisonous Vapours        Pois/Air       ####..       1%          2    None
 Mephitic Cloud           Conj/Pois/Air  ####....     2%          3    #......
 Olgreb's Toxic Radiance  Pois           ####....     7%          4    ###....
 Venom Bolt               Conj/Pois      ####......   21%         5    #####..


Dungeon Overview and Level Annotations

Branches:
Dungeon (12/15)            Temple (1/1) D:5            Lair (0/6) D:8
    Orc (2/2) D:10            Elf (0/3) Orc:2

Altars:
Ashenzari
Cheibriados
Dithmenos
Elyvilon
Fedhas
Gozag
Hepliaklqana
Kikubaaqudgha
Makhleb
Nemelex Xobeh
Okawaru
Qazlal
Ru
Sif Muna
Trog
Uskayaw
Vehumet
Wu Jian
Xom
Yredelemnul
Zin
The Shining One

Annotations:
D:4 2 runed translucent doors, HEYYEYAAE's ghost, amateur OpHu
D:9 1 runed translucent door, ABBCCCDDDD's ghost, novice GrMo
D:12 exclusion: ugly thing


Innate Abilities, Weirdness & Mutations

Your experience applies equally to all skills.
((You have very sharp teeth.))
Your uncanny sense of smell can sniff out nearby items.


Message History

Unknown command.
It was a potion of magic.
Magic courses through your body.
The zombie hands constrict the orc sorcerer.
You kill the orc sorcerer!
Sif Muna accepts your kill.
An orc sorcerer comes into view. It is wielding a +0 dagger.
The two-headed ogre barely misses you.
The two-headed ogre hits you with a +0 giant club.
* * * LOW HITPOINT WARNING * * *
An orc wizard comes into view. It is wielding a +2 dagger of freezing.
Okay, then.
Unknown command.
Okay, then.
Unknown command.
It was a potion of ambrosia.
You are confused.
You feel invigorated.
The orc sorcerer hits you but does no damage.
The stone giant hits you!!
You die...

**,* *******, #.#* ****,*,*,,,
##..### **,*,,,,,,,, ##.....#
*,,,,,,∆,,,, **#.$....###
**,∆*,∆∆,,,, *.#....$...#
*∆,........
***#.........###**.#.......
**,,........o...##,...$..)).
**,,,.......♣O4)..##......)..
*,,,,......##CO....###......%
***,,....#**##o[.o...##*..%.)
**,,,,...,****#....o)#.##*#))[
*,,*,,.,,,**,##.....#...###...
****,,,,,,,#.#......#...##.()(
*,,,,,,,##......###..##....
**,,,,,,.......<# #......(.
*,,,,,.$$....### ##...(%..


You could see a stone giant, 2 two-headed ogres, 2 orc sorcerers, a red devil,
an orc wizard and an orc.

Vanquished Creatures
  An orc warlord (Orc:2)
  3 two-headed ogres
  An orc high priest (Orc:1)
  3 cyclopes
  7 orc sorcerers
  Joseph (D:10)
  2 kobold demonologists
  A queen bee (D:12)
  5 trolls
  Grinder (D:3)
  2 hippogriffs
  6 slime creatures
  A shadow (D:12)
  4 wyverns
  8 yaks
  A steam dragon (D:7)
  2 hungry ghosts
  3 vampire mosquitoes (D:12)
  4 wargs
  A water moccasin (D:6)
  3 hornet zombies
  An ice beast (D:7)
  10 orc warriors
  A sky beast (D:10)
  An eye of draining (D:11)
  3 phantoms
  16 ogres
  A crocodile (D:12)
  5 centaurs
  19 big kobolds
  12 bullfrogs
  42 killer bees
  11 wights
  7 howler monkeys
  2 bullfrog zombies
  3 crimson imps
  A quasit (D:11)
  5 orc priests
  3 hounds
  4 jellies
  3 bullfrog skeletons
  17 orc wizards
  2 centaur skeletons
  2 iguanas
  A gnoll shaman (D:5)
  11 worker ants
  3 hound zombies (D:7)
  A hound skeleton (D:5)
  A howler monkey zombie (D:11)
  3 worker ant zombies
  6 gnolls
  12 adders
  2 shadow imps
  3 adder zombies
  3 worms
  3 dart slugs
  7 leopard geckos
  57 orcs
  A ball python (D:1)
  9 bats
  4 giant cockroaches
  2 gnoll zombies (D:9)
  11 goblins
  11 hobgoblins
  12 jackals
  21 kobolds
  8 quokkas
  4 frilled lizards
  A giant cockroach zombie (D:5)
  2 jackal skeletons (D:5)
  A quokka skeleton (D:5)
  5 rats
436 creatures vanquished.

Vanquished Creatures (others)
  A plant (D:2)
1 creature vanquished.

Grand Total: 437 creatures vanquished

Notes
Turn   | Place    | Note
-------+----------+-------------------------------------------
     0 | D:1      | Lavandula the Gnoll Hunter began the quest for the Orb.
     0 | D:1      | Reached XP level 1. HP: 20/20 MP: 1/1
   165 | D:1      | Reached XP level 2. HP: 26/26 MP: 2/2
   755 | D:2      | Reached XP level 3. HP: 24/31 MP: 3/3
   827 | D:2      | Reached skill level 1 in Invocations
   835 | D:2      | Found a bloodstained altar of Trog.
   868 | D:2      | Found a glowing golden altar of the Shining One.
  1089 | D:2      | Reached skill level 1 in Short Blades
  1089 | D:2      | Reached skill level 1 in Long Blades
  1089 | D:2      | Reached skill level 1 in Axes
  1089 | D:2      | Reached skill level 1 in Maces & Flails
  1089 | D:2      | Reached skill level 1 in Polearms
  1089 | D:2      | Reached skill level 1 in Staves
  1089 | D:2      | Reached skill level 1 in Slings
  1089 | D:2      | Reached skill level 1 in Bows
  1089 | D:2      | Reached skill level 1 in Crossbows
  1089 | D:2      | Reached skill level 1 in Armour
  1089 | D:2      | Reached skill level 1 in Shields
  1089 | D:2      | Reached skill level 1 in Unarmed Combat
  1089 | D:2      | Reached skill level 1 in Spellcasting
  1089 | D:2      | Reached skill level 1 in Evocations
  1089 | D:2      | Reached XP level 4. HP: 38/38 MP: 5/5
  1101 | D:2      | Found a bloodstained altar of Trog.
  2070 | D:3      | Reached skill level 1 in Conjurations
  2070 | D:3      | Reached skill level 1 in Hexes
  2070 | D:3      | Reached skill level 1 in Charms
  2070 | D:3      | Reached skill level 1 in Summonings
  2070 | D:3      | Reached skill level 1 in Necromancy
  2070 | D:3      | Reached skill level 1 in Translocations
  2070 | D:3      | Reached skill level 1 in Transmutations
  2070 | D:3      | Reached skill level 1 in Fire Magic
  2070 | D:3      | Reached skill level 1 in Ice Magic
  2070 | D:3      | Reached skill level 1 in Air Magic
  2070 | D:3      | Reached skill level 1 in Earth Magic
  2070 | D:3      | Reached skill level 1 in Poison Magic
  2076 | D:3      | Reached XP level 5. HP: 43/43 MP: 6/6
  2080 | D:3      | Noticed Grinder
  2331 | D:3      | Killed Grinder
  2331 | D:3      | Reached skill level 5 in Fighting
  2331 | D:3      | Reached skill level 5 in Dodging
  2331 | D:3      | Reached XP level 6. HP: 23/51 MP: 3/8
  2711 | D:3      | Found an ornate altar of the Wu Jian Council.
  3256 | D:4      | Reached XP level 7. HP: 56/56 MP: 10/10
  3265 | D:4      | Found a runed translucent door.
  3266 | D:4      | Noticed HEYYEYAAE's ghost (amateur OpHu)
  3697 | D:4      | Found a runed translucent door.
  3726 | D:5      | Entered Level 5 of the Dungeon
  3740 | D:5      | Found a staircase to the Ecumenical Temple.
  3783 | Temple   | Entered the Ecumenical Temple
  4001 | D:5      | Found a faded altar of an unknown god.
  4001 | D:5      | Found a faded altar of an unknown god.
  4006 | D:5      | Found a burning altar of Makhleb.
  4008 | D:5      | Found a deep blue altar of Sif Muna.
  4012 | D:5      | Became a worshipper of Sif Muna the Loreminder
  4012 | D:5      | Reached * piety under Sif Muna
  4017 | D:5      | Found a hide-covered altar of Uskayaw.
  4206 | D:5      | Reached XP level 8. HP: 49/63 MP: 8/12
  4730 | D:6      | Found a sacrificial altar of Ru.
  5017 | D:7      | Got a brightly glowing quarterstaff
  5047 | D:7      | Identified the +6 quarterstaff of Darkness {freeze, rF+
                  | MP+9 SInv} (You found it on level 7 of the Dungeon)
  5327 | D:7      | Noticed a hippogriff
  5353 | D:7      | Killed a hippogriff
  5353 | D:7      | Reached XP level 9. HP: 26/71 MP: 14/14
  6052 | D:6      | Reached ** piety under Sif Muna
  6527 | D:7      | Reached skill level 5 in Stealth
  6529 | D:7      | Paralysed by a kobold for 4 turns
  6706 | D:7      | Reached skill level 5 in Invocations
  6779 | D:7      | Found a sparkling altar of Nemelex Xobeh.
  6862 | D:7      | Found a white marble altar of Elyvilon.
  6932 | D:7      | Reached XP level 10. HP: 79/79 MP: 17/17
  7135 | D:8      | Reached *** piety under Sif Muna
  7455 | D:8      | Reached skill level 5 in Short Blades
  7455 | D:8      | Reached skill level 5 in Long Blades
  7455 | D:8      | Reached skill level 5 in Axes
  7455 | D:8      | Reached skill level 5 in Maces & Flails
  7455 | D:8      | Reached skill level 5 in Polearms
  7455 | D:8      | Reached skill level 5 in Staves
  7455 | D:8      | Reached skill level 5 in Slings
  7455 | D:8      | Reached skill level 5 in Bows
  7455 | D:8      | Reached skill level 5 in Crossbows
  7455 | D:8      | Reached skill level 5 in Armour
  7455 | D:8      | Reached skill level 5 in Shields
  7455 | D:8      | Reached skill level 5 in Unarmed Combat
  7455 | D:8      | Reached skill level 5 in Spellcasting
  7455 | D:8      | Reached skill level 5 in Evocations
  7505 | D:8      | Noticed a two-headed ogre
  7512 | D:8      | Killed a two-headed ogre
  7512 | D:8      | Reached skill level 10 in Throwing
  7560 | D:8      | Found a staircase to the Lair.
  7783 | D:9      | Found a runed translucent door.
  7787 | D:9      | Noticed ABBCCCDDDD's ghost (novice GrMo)
  7839 | D:9      | Found an iron altar of Okawaru.
  8445 | D:9      | Noticed a two-headed ogre
  8452 | D:9      | Killed a two-headed ogre
  8452 | D:9      | Reached XP level 11. HP: 89/89 MP: 19/19
  8621 | D:9      | Found a basalt altar of Yredelemnul.
  8688 | D:10     | Entered Level 10 of the Dungeon
  8728 | D:10     | Found a staircase to the Orcish Mines.
  8767 | D:10     | Reached **** piety under Sif Muna
  8773 | D:10     | Got a faintly humming scale mail
  8784 | D:10     | Identified the cursed +1 scale mail of Sloth {Str+3} (You
                  | found it on level 10 of the Dungeon)
  8834 | D:10     | Found a hazy altar of Hepliaklqana.
  9059 | D:10     | Got a slimy copper ring
  9061 | D:10     | Identified the ring of Ugi Baof {MR+ MP+9} (You found it on
                  | level 10 of the Dungeon)
  9121 | D:10     | Reached skill level 5 in Conjurations
  9121 | D:10     | Reached skill level 5 in Hexes
  9121 | D:10     | Reached skill level 5 in Charms
  9121 | D:10     | Reached skill level 5 in Summonings
  9121 | D:10     | Reached skill level 5 in Necromancy
  9121 | D:10     | Reached skill level 5 in Translocations
  9121 | D:10     | Reached skill level 5 in Transmutations
  9121 | D:10     | Reached skill level 5 in Fire Magic
  9121 | D:10     | Reached skill level 5 in Ice Magic
  9121 | D:10     | Reached skill level 5 in Air Magic
  9121 | D:10     | Reached skill level 5 in Earth Magic
  9121 | D:10     | Reached skill level 5 in Poison Magic
  9160 | D:10     | Noticed Joseph
  9186 | D:10     | Killed Joseph
  9813 | D:11     | Noticed a cyclops
  9829 | D:11     | Killed a cyclops
 10265 | D:11     | Reached ***** piety under Sif Muna
 10265 | D:11     | Identified Sif Muna's Collected Works on Helpful Clay (Sif
                  | Muna gifted it to you on level 11 of the Dungeon)
 10265 | D:11     | Received a gift from Sif Muna
 10275 | D:11     | Learned a level 5 spell: Borgnjor's Vile Clutch
 10279 | D:11     | Learned a level 3 spell: Ozocubu's Armour
 10283 | D:11     | Learned a level 3 spell: Stone Arrow
 10374 | D:11     | Reached skill level 10 in Fighting
 10630 | D:12     | Reached XP level 12. HP: 85/97 MP: 22/22
 12912 | Orc:1    | Entered Level 1 of the Orcish Mines
 12912 | Orc:1    | Noticed an orc high priest
 13024 | Orc:1    | Killed an orc high priest
 13324 | Orc:1    | Found a bloodstained altar of Trog.
 13436 | Orc:2    | Entered Level 2 of the Orcish Mines
 13440 | Orc:2    | Noticed a two-headed ogre
 13679 | Orc:2    | Noticed a two-headed ogre
 13679 | Orc:2    | Noticed a two-headed ogre
 13679 | Orc:2    | Noticed a two-headed ogre
 13679 | Orc:2    | Noticed an ogre mage
 13679 | Orc:2    | Noticed a two-headed ogre
 13681 | Orc:2    | Noticed a two-headed ogre
 13697 | Orc:1    | Killed a two-headed ogre
 14190 | Orc:2    | Noticed an orc warlord
 14207 | Orc:2    | Killed an orc warlord
 14207 | Orc:2    | Reached XP level 13. HP: 58/106 MP: 5/24
 14278 | Orc:2    | Noticed a stone giant
 14285 | Orc:2    | Mangled by a stone giant

Skill      XL: |  1  2  3  4  5  6  7  8  9 10 11 12 |
---------------+-------------------------------------+-----
Invocations    | 1 2 3 4 5 6 7 8 |  8.6
Short Blades   | 1 2 3 4 5 6 7 |  7.9
Long Blades    | 1 2 3 4 5 6 7 |  7.9
Axes           | 1 2 3 4 5 6 7 |  7.9
Maces & Flails | 1 2 3 4 5 6 7 |  7.9
Polearms       | 1 2 3 4 5 6 7 |  7.9
Staves         | 1 2 3 4 5 6 7 |  7.9
Slings         | 1 2 3 4 5 6 7 |  7.9
Bows           | 1 2 3 4 5 6 7 |  7.9
Crossbows      | 1 2 3 4 5 6 7 |  7.9
Armour         | 1 2 3 4 5 6 7 |  7.9
Shields        | 1 2 3 4 5 6 7 |  7.9
Unarmed Combat | 1 2 3 4 5 6 7 |  7.9
Spellcasting   | 1 2 3 4 5 6 7 |  7.9
Evocations     | 1 2 3 4 5 6 7 |  7.9
Conjurations   | 1 2 3 4 5 6 |  6.5
Hexes          | 1 2 3 4 5 6 |  6.5
Charms         | 1 2 3 4 5 6 |  6.5
Summonings     | 1 2 3 4 5 6 |  6.5
Necromancy     | 1 2 3 4 5 6 |  6.5
Translocations | 1 2 3 4 5 6 |  6.5
Transmutations | 1 2 3 4 5 6 |  6.5
Fire Magic     | 1 2 3 4 5 6 |  6.5
Ice Magic      | 1 2 3 4 5 6 |  6.5
Air Magic      | 1 2 3 4 5 6 |  6.5
Earth Magic    | 1 2 3 4 5 6 |  6.5
Poison Magic   | 1 2 3 4 5 6 |  6.5
Fighting       | 5 6 7 9 10 11 | 11.5
Dodging        | 5 6 7 8 9 |  9.2
Stealth        | 3 4 5 6 7 8 |  8.3
Throwing       | 9 10 11 | 11.4

Action                   |  1- 3 |  4- 6 |  7- 9 | 10-12 | 13-15 || total
-------------------------+-------+-------+-------+-------+-------++-------
Melee: Short sword       |   112 |    13 |       |       |       ||   125
       Bite              |    15 |    16 |    48 |    94 |     4 ||   177
       Dagger            |       |   127 |   183 |     4 |    30 ||   344
       Punch             |       |     2 |     1 |     5 |     1 ||     9
       Quarterstaff      |       |       |   188 |   506 |     7 ||   701
       Unarmed           |       |       |       |   182 |       ||   182
Throw: Javelin           |     3 |    11 |    15 |   114 |     1 ||   144
       Throwing net      |       |       |       |     4 |       ||     4
       Tomahawk          |       |       |       |    10 |       ||    10
 Cast: Borgnjor's Vile C |       |       |       |    20 |     6 ||    26
       Stone Arrow       |       |       |       |    11 |       ||    11
       Ozocubu's Armour  |       |       |       |     1 |       ||     1
Invok: Channel Magic     |       |       |       |       |     1 ||     1
Evoke: Wand              |       |     3 |       |     4 |     1 ||     8
  Use: Scroll            |       |       |     6 |    11 |     1 ||    18
       Potion            |       |       |     3 |     1 |    12 ||    16
 Stab: Sleeping          |     5 |    20 |     8 |     9 |       ||    42
       Distracted        |       |       |     1 |     1 |       ||     2
       Paralysed         |       |       |       |     9 |       ||     9
       Held in net/web   |       |       |       |     3 |       ||     3
  Eat: Chunk             |       |     8 |     8 |    17 |       ||    33
       Ration            |       |       |     1 |     6 |       ||     7
Armor: Leather armour    |    29 |    22 |    41 |    45 |       ||   137
       Skin              |       |       |    42 |       |    24 ||    66
       Scale mail        |       |       |       |    76 |       ||    76
Dodge: Dodged            |    97 |    88 |   267 |   741 |    11 ||  1204
